 Dungeon Crawl Stone Soup version 0.17-a0-2208-ge5ab1d3 (webtiles) character file.

1215 tp1 the Thaumaturge (level 8, 41/41 HPs)
             Began as a Deep Elf Conjurer on Oct 26, 2015.
             Was a Follower of Vehumet.
             Drowned
             ... in a sewer.
             The game lasted 00:33:48 (7431 turns).

tp1 the Thaumaturge (Deep Elf Conjurer)             Turns: 7431, Time: 00:33:48

Health: 41/41      AC: 11    Str:  5    XL:     8   Next: 22%
Magic:  22/22      EV: 12    Int: 23    God:    Vehumet [*.....]
Gold:   318        SH:  0    Dex: 12    Spells: 4 memorised, 13 levels left

rFire  . . .     SeeInvis .     g - +0 short sword
rCold  . . .     Clarity  .     a - +0 robe
rNeg   . . .     SustAt   .     (no shield)
rPois  .         Gourm    .     A - +0 helmet
rElec  .         Spirit   .     (no cloak)
rCorr  .         Warding  .     u - +1 pair of gloves
rMut   .         Stasis   .     q - +0 pair of boots
MR     .....                    (no amulet)
Stlth  +.........               D - +5 ring of protection
                                B - -3 ring of dexterity (curse)

@: not resistant to hostile enchantments, very unstealthy
A: no striking features
a: Renounce Religion


You were in a sewer.
You worshipped Vehumet.
Vehumet was aware of your devotion.
You were not hungry.

You visited 2 branches of the dungeon, and saw 7 of its levels.
You also visited: Sewer.

You collected 318 gold pieces.

Inventory:

Hand Weapons
 g - a +0 short sword (weapon)
Armour
 a - a +0 robe (worn)
 e - a +0 ring mail
 q - a +0 pair of boots (worn)
 s - a +0 helmet
 u - a +1 pair of gloves (worn)
 A - a +0 helmet (worn)
 K - a +0 pair of boots
Jewellery
 n - a +4 ring of dexterity
 w - an uncursed ring of fire
 B - a cursed -3 ring of dexterity (left hand)
 D - a +5 ring of protection (right hand)
Wands
 F - a wand of frost (32)
 I - a wand of confusion (27)
Scrolls
 d - a scroll of immolation
 i - 2 scrolls of magic mapping
 l - a scroll of amnesia
 r - 4 scrolls of teleportation {unknown}
 v - 5 scrolls of identify
 x - a scroll of fear {unknown}
 y - a scroll of random uselessness {unknown}
 z - a scroll of fog
 E - a scroll of blinking {unknown}
 G - 2 scrolls of recharging
 J - a scroll of enchant armour {unknown}
Potions
 f - 2 potions of resistance {unknown}
 k - 2 potions of lignification
 m - 2 potions of agility {unknown}
 o - 3 potions of curing {unknown}
 p - 2 potions of invisibility {unknown}
 t - a potion of ambrosia {unknown}
 C - a potion of cancellation {unknown}
 H - a potion of magic {unknown}
 L - 3 potions of flight
Books
 b - a book of Conjurations

   Spells                             Type                      Level
   a - Magic Dart                     Conjuration                  1
   b - Searing Ray                    Conjuration                  2
   c - Dazzling Spray                 Conjuration/Hexes            3
   d - Fulminant Prism                Conjuration/Hexes            4
   e - Iskenderun's Mystic Blast      Conjuration                  4
   f - Iskenderun's Battlesphere      Conjuration/Charms           5
Comestibles
 c - 7 bread rations
 h - 3 meat rations
 j - 3 chunks of flesh


   Skills:
 - Level 2.4 Dodging
 - Level 2.4 Stealth
 + Level 8.9 Spellcasting
 - Level 6.6 Conjurations
 - Level 7.1 Charms
 - Level 3.0 Evocations


You had 13 spell levels left.
You knew the following spells:

 Your Spells              Type           Power        Failure   Level  Hunger
a - Magic Dart            Conj           ####         1%          1    None
b - Searing Ray           Conj           #####.       1%          2    None
c - Dazzling Spray        Conj/Hex       ####....     6%          3    None
d - Iskenderun's Battles  Conj/Chrm      #####...     12%         5    ####...


Dungeon Overview and Level Annotations

Branches:
Dungeon (6/15)             Temple (1/1) D:4

Altars:
Ashenzari
Cheibriados
Dithmenos
Elyvilon
Fedhas
Gozag
Kikubaaqudgha
Makhleb
Nemelex Xobeh
Okawaru
Qazlal
Ru
Sif Muna
Trog
Vehumet
Xom
Yredelemnul
Zin
The Shining One


Message History

The magic dart hits the bat.
You kill the bat!
Vehumet accepts your kill. Why would you want to do that?
Partly explored, can't reach some places.
You enter the shallow water.
Moving in this stuff is going to be slow.
Why would you want to do that? Why would you want to do that?
Why would you want to do that?
Drink which item? (? for menu, Esc to quit)
Okay, then.
Drink which item? (? for menu, Esc to quit)
It was a potion of flight.
You feel very buoyant.
You fly up into the air.
Careful!
You are starting to lose your buoyancy.
You float gracefully downwards.
You fall into the water!
You sink like a stone!
You drown...
You die...

#≈≈≈#
#≈≈≈#
#≈≈≈#
#≈≈.#
#≈≈≈#
#≈≈.#
#≈≈≈#
#.≈≈#
#≈@≈#
#≈≈.#
#.≈≈#
#≈≈.#
#≈≈≈######
#.≈≈≈≈≈.≈≈
#≈≈.≈≈≈≈≈≈
#≈≈≈≈≈≈≈.≈
#≈≈≈######


There were no monsters in sight!

Vanquished Creatures
  Sigmund (D:5)
  2 phantoms (D:5)
  An ice beast (D:5)
  A sky beast (D:6)
  An ogre (D:4)
  A scorpion (D:5)
  A jelly (D:6)
  A crimson imp (D:6)
  2 orc wizards (D:5)
  Ijyb (D:3)
  2 hounds
  2 orc priests (D:5)
  3 worker ants
  5 adders
  An ooze (D:1)
  3 adder skeletons
  4 worms
  11 giant geckos
  10 orcs
  14 bats
  4 hobgoblins
  3 ball pythons
  A ball python zombie (D:5)
  13 giant cockroaches
  5 giant newts
  17 goblins
  17 jackals
  10 kobolds
  2 quokka skeletons (D:4)
  13 rats
152 creatures vanquished.

Notes
Turn   | Place    | Note
--------------------------------------------------------------
     0 | D:1      | tp1 the Deep Elf Conjurer began the quest for the Orb.
     0 | D:1      | Reached XP level 1. HP: 10/10 MP: 6/6
   145 | D:1      | Reached XP level 2. HP: 15/15 MP: 0/9
   387 | D:1      | Learned a level 2 spell: Searing Ray
   658 | D:1      | Reached XP level 3. HP: 15/19 MP: 3/11
   668 | D:1      | Learned a level 3 spell: Dazzling Spray
   846 | D:1      | Reached skill level 5 in Spellcasting
  1876 | D:2      | Found an iron altar of Okawaru.
  2027 | D:2      | You fall through a shaft!
  2167 | D:3      | Noticed Ijyb
  2197 | D:3      | Killed Ijyb
  2197 | D:3      | Reached skill level 6 in Spellcasting
  2197 | D:3      | Reached XP level 4. HP: 18/24 MP: 1/14
  2543 | D:3      | Reached skill level 5 in Conjurations
  2543 | D:3      | Reached XP level 5. HP: 28/28 MP: 7/15
  2717 | D:3      | Learned a level 5 spell: Iskenderun's Battlesphere
  3302 | D:3      | Reached skill level 1 in Charms
  3554 | D:4      | Found a staircase to the Ecumenical Temple.
  3570 | Temple   | Entered the Ecumenical Temple
  3659 | Temple   | Became a worshipper of Vehumet
  4007 | D:4      | Noticed an ogre
  4030 | D:4      | Killed an ogre
  4030 | D:4      | Reached XP level 6. HP: 11/32 MP: 9/17
  4081 | D:4      | Reached skill level 5 in Charms
  4088 | D:4      | Found a radiant altar of Vehumet.
  4189 | D:4      | Reached skill level 1 in Evocations
  4326 | D:4      | Found a staircase to the Ecumenical Temple.
  4539 | D:4      | Found a radiant altar of Vehumet.
  4703 | D:5      | Entered Level 5 of the Dungeon
  4931 | D:5      | Found a glowing silver altar of Zin.
  4950 | D:5      | Reached XP level 7. HP: 36/36 MP: 3/18
  5172 | D:5      | Reached skill level 7 in Charms
  5787 | D:5      | Noticed Sigmund
  5806 | D:5      | Killed Sigmund
  6191 | D:5      | Found a glowing silver altar of Zin.
  6815 | D:6      | Reached XP level 8. HP: 41/41 MP: 9/21
  6822 | D:6      | Reached skill level 8 in Spellcasting
  6885 | D:6      | Reached * piety under Vehumet
  6885 | D:6      | Offered knowledge of Sandblast by Vehumet.
  7033 | D:6      | Found a glowing drain.
  7064 | Sewer    | Entered a sewer
  7431 | Sewer    | Drowned

Vault maps used:
D:1:      tarquinn_simple_flora_water_c
D:2:      okawaru_ov_weapons_minmay
D:3:      kennysheep_goblin_castle
D:4:      temple_pool_b, first_bread, vehumet_altar_wand_db
D:5:      overflow_temple_1_default, grunt_decor_mini_mirrors, uniq_sigmund
D:6:      serial_shops, nicolae_shop_temple_entry_statues_fountains,
          gup_sewer_entry_pipe, led_sif_pool
Temple:   kilobyte_greek_temple_18
Sewer:    sewer_fruit_machine

Action                   |  1- 3 |  4- 6 |  7- 9 || total
-------------------------+-------+-------+-------++-------
Melee: Unarmed           |     1 |       |       ||     1
       Short sword       |       |     4 |    18 ||    22
 Cast: Magic Dart        |    82 |    79 |    77 ||   238
       Searing Ray       |     6 |     7 |     5 ||    18
       Dazzling Spray    |     1 |     1 |     3 ||     5
       Iskenderun's Batt |       |     4 |    15 ||    19
  Use: Scroll            |     3 |     4 |     1 ||     8
       Potion            |       |       |     1 ||     1
  Eat: Chunk             |     4 |     9 |     8 ||    21
       Fruit             |       |       |     3 ||     3
       Beef jerky        |       |       |     1 ||     1
